 Dungeon Crawl Stone Soup version 0.27-a0-1202-ge72e49191c (webtiles) character file.

Game seed: 2518733017669297077

5363 pkoi the Thaumaturge (level 10, 0/70 HPs)
             Began as a Djinni Fire Elementalist on May 26, 2021.
             Was a Believer of Makhleb.
             Slain by a wyvern (1 damage)
             ... while petrified by a basilisk
             ... on level 9 of the Dungeon on June 3, 2021.
             The game lasted 00:28:37 (12335 turns).

pkoi the Thaumaturge (Djinni Fire Elementalist)    Turns: 12335, Time: 00:28:38

Health: 0/70       AC:  3    Str: 12    XL:     10   Next: 97%
Gold:   467        EV:  2    Int: 22    God:    Makhleb [**....] SH:  0 Dex: 14

rFire    + + .     SeeInvis .   o - +4 flail of Eternal Vigilance {protect, rC+ Str+5 Int+2}
rCold    . . .     Faith    .   (no shield)
rNeg     + + +     Spirit   .   a - +1 robe
rPois    ∞         Reflect  .   (no helmet)
rElec    .         Harm     .   (no cloak)
rCorr    .         Rampage  .   (no gloves)
Will     +....                  (boots unavailable)
Stlth    ++........             (no amulet)
HPRegen  0.21/turn              (no ring)
MPRegen  0.00/turn              (no ring)

@: petrified, flying
A: sickness immunity, fire resistance 2, cold vulnerability 1, float, innate
caster, hp casting, extra vitality 1
a: Renounce Religion, Minor Destruction


You were on level 9 of the Dungeon.
You worshipped Makhleb.
Makhleb was pleased with you.
You visited 2 branches of the dungeon, and saw 10 of its levels.
You also visited: Ossuary.

You collected 480 gold pieces.
You spent 13 gold pieces at shops.

Inventory:

Hand Weapons
 d - a +5 dagger
 o - the +4 flail of Eternal Vigilance (weapon) {protect, rC+ Str+5 Int+2}
   (You found it on level 5 of the Dungeon)

   It grants its wielder temporary protection when it strikes (+7 to AC).
   It affects your strength (+5).
   It affects your intelligence (+2).
   It protects you from cold.
 w - a +3 dagger of venom
Missiles
 k - 8 javelins
 v - a curare-tipped dart
Armour
 a - a +1 robe (worn)
Jewellery
 b - an amulet of faith
Wands
 q - a wand of charming (12)
 r - a wand of flame (29)
 u - a wand of iceblast (11)
 x - a wand of digging (4)
 z - a wand of acid (6)
Scrolls
 e - 2 scrolls of enchant armour
 f - 5 scrolls of teleportation
 g - a scroll of noise {unknown}
 i - 5 scrolls of identify
 s - a scroll of fog
 t - 2 scrolls of magic mapping
 y - a scroll of holy word {unknown}
Potions
 c - 3 potions of ambrosia {unknown}
 h - 2 potions of might
 j - 4 potions of curing {unknown}
 l - a potion of resistance {unknown}
 m - a potion of attraction {unknown}
 n - a potion of lignification
 p - 2 potions of heal wounds {unknown}


   Skills:
 - Level 5.3 Fighting
 + Level 2.4 Short Blades
 + Level 6.8 Dodging
 - Level 1.5 Stealth
 * Level 8.9 Spellcasting
 + Level 6.5 Invocations


You had one spell level left.
You knew the following spells:

 Your Spells              Type           Power      Damage    Failure   Level
a - Foxfire               Conj/Fire      100%       2x1d9     1%          1
b - Conjure Flame         Conj/Fire      49%        6-21      1%          3
c - Inner Flame           Hex/Fire       49%        N/A       1%          3
d - Sticky Flame          Conj/Fire      49%        2d7       1%          4
e - Fireball              Conj/Fire      24%        3d11      4%          5
f - Summon Small Mammal   Summ           100%       N/A       1%          1
g - Corpse Rot            Necr/Air       N/A        N/A       1%          2
h - Teleport Other        Tloc           49%        N/A       1%          3
i - Ozocubu's Armour      Ice            49%        N/A       1%          3
Your spell library was empty.

Dungeon Overview and Level Annotations

Branches:
Dungeon (9/15)             Temple (1/1) D:4            Lair (0/6) D:9
Ossuary (visited)
    Orc: D:9-12

Altars:
Ashenzari
Cheibriados
Dithmenos
Elyvilon
Fedhas
Gozag
Hepliaklqana
Kikubaaqudgha
Makhleb
Nemelex Xobeh
Okawaru
Ru
Sif Muna
Uskayaw
Vehumet
Wu Jian
Xom
Yredelemnul
The Shining One

Shops:
D:2 ::!

Annotations:
D:3 1 runed translucent door
D:5 3 runed translucent doors, flotson's ghost, novice GnDe


Innate Abilities, Weirdness & Mutations

You are immune to sickness and miasma.
You are immune to poison.
Your flesh is very heat resistant. (rF++)
You are vulnerable to cold. (rC-)
You float through the air rather than walking.
You learn spells naturally, not from books.
Your magical power is your life essence.
You have superior vitality. (+4 HP)


Message History

The foxfire hits the water moccasin but does no damage.
The water moccasin is severely wounded.
You thump the water moccasin!
Your weapon exudes an aura of protection.
You kill the water moccasin!
Makhleb accepts your kill.
You see here a water moccasin corpse.
Found a purple potion and a jewelled glass wand.
You see here a scroll of identify.
The yak bellows! x2
Found a staircase to the Lair.
You see here 13 gold pieces.
You now have 467 gold pieces (gained 13).
A basilisk comes into view.
You see here a scroll of identify.
i - 5 scrolls of identify (gained 1)
The basilisk hisses angrily.
The basilisk gazes at you.
You are slowing down.
The wyvern hisses angrily.
The yak gores you.
Your limbs are stiffening.
You have turned to stone.
The yak gores you! The yak gores you! x3
The yak gores you. The wyvern bites you! The yak gores you!
The wyvern bites you. The yak gores you! The yak gores you.
The wyvern bites you! The yak gores you!
* * * LOW HITPOINT WARNING * * *
The wyvern bites you!
* * * LOW HITPOINT WARNING * * *
The yak gores you!
* * * LOW HITPOINT WARNING * * *
The yak gores you.
* * * LOW HITPOINT WARNING * * *
The wyvern bites you.
* * * LOW HITPOINT WARNING * * *
The yak gores you!
* * * LOW HITPOINT WARNING * * *
The wyvern bites you.
You die...

......P......♣.
...............
..l............
#........♣..# #.........# ..
#.......# #.## #......## ..#
#YYl..## #########.###.@...#
............+.†...+
#...........##.....#.#
#..>...........<.....##
#.............#.###...+
#.........##..#....#.##
#.........+...#.##.#.#
#.........##.^#÷# #.#
#.........##..#.##.#.#######


You could see 2 yaks and a wyvern.

Vanquished Creatures
  A centaur warrior (D:9)
  A two-headed ogre (D:7)
  Pikel (D:7)
  A hornet (D:8)
  Prince Ribbit (D:5)
  A wyvern (D:9)
  2 yaks
  Duvessa (D:7)
  2 water moccasins (D:9)
  3 black bears
  An orc warrior (D:8)
  An ice beast (D:6)
  3 centaurs
  Blork the orc (D:6)
  A bullfrog (D:7)
  2 kobold brigands (D:7)
  3 elf zombies (Ossuary)
  3 scorpions
  Dowan (D:7)
  A water moccasin skeleton (D:4)
  4 wights (D:7)
  A bullfrog zombie (D:6)
  3 centaur zombies (Ossuary)
  A centaur skeleton (D:5)
  A hound (D:5)
  An orc priest (D:8)
  A bullfrog skeleton (D:5)
  A jelly (D:5)
  Jessica (D:2)
  2 iguanas
  5 orc wizards
  3 hound zombies (Ossuary)
  A hound skeleton (D:3)
  3 mummies (Ossuary)
  2 howler monkey zombies
  7 adders
  A river rat (D:3)
  2 shadow imps
  2 white imps
  An ufetubus (D:6)
  An adder skeleton (D:4)
  4 adder zombies (Ossuary)
  3 worms
  A dart slug (D:1)
  The ghost of oc3rt the Gusty, a weakling TeAE (D:3)
  12 orcs
  7 bats
  9 endoplasms
  8 giant cockroaches
  5 goblins
  6 hobgoblins
  5 jackals
  7 quokkas
  9 ball pythons
  5 frilled lizards
  A gnoll zombie (Ossuary)
  4 goblin zombies
  6 hobgoblin zombies (Ossuary)
  3 jackal zombies (Ossuary)
  18 kobolds
  5 kobold zombies (Ossuary)
  2 quokka zombies (Ossuary)
  2 rats (D:1)
  3 rat zombies
201 creatures vanquished.

Vanquished Creatures (collateral kills)
  4 jackals (D:3)
  A foxfire (D:5)
5 creatures vanquished.

Vanquished Creatures (others)
  An orc (D:6)
  612 foxfires
  7 fungi (D:9)
  22 plants (D:9)
642 creatures vanquished.

Grand Total: 848 creatures vanquished

Notes
Turn   | Place    | Note
-------+----------+-------------------------------------------
     0 | D:1      | pkoi the Djinni Fire Elementalist began the quest for the
                  | Orb.
     0 | D:1      | Reached XP level 1. HP: 15/15 MP: 0/0
   193 | D:1      | Reached XP level 2. HP: 20/21 MP: 0/0
   322 | D:1      | Reached skill level 3 in Spellcasting
   423 | D:1      | Reached XP level 3. HP: 17/25 MP: 0/0
   423 | D:1      | Learned a level 1 spell: Summon Small Mammal
   890 | D:1      | Found a faded altar of an unknown god.
  1208 | D:2      | Found Leitz's Book Emporium.
  1213 | D:2      | Noticed Jessica
  1217 | D:2      | Killed Jessica
  1218 | D:2      | Reached XP level 4. HP: 27/31 MP: 0/0
  1325 | D:2      | Reached skill level 4 in Spellcasting
  1436 | D:2      | Found Qytuggex's Book Shoppe.
  1443 | D:2      | Found Doacagi's Distillery.
  1472 | D:2      | Bought a potion of degeneration for 13 gold pieces
  1738 | D:3      | Found a runed translucent door.
  1742 | D:3      | Noticed oc3rt's ghost (weakling TeAE)
  1759 | D:3      | Reached XP level 5. HP: 24/35 MP: 0/0
  1759 | D:3      | Learned a level 2 spell: Corpse Rot
  1763 | D:3      | Killed oc3rt's ghost
  1793 | D:3      | Found a runed translucent door.
  2892 | D:3      | Reached XP level 6. HP: 31/40 MP: 0/0
  3589 | D:4      | Upgraded the game from 0.27-a0-1193-g8631133539 to
                  | 0.27-a0-1196-g3e9cee4cb2
  3896 | D:4      | Found a staircase to the Ecumenical Temple.
  4271 | D:5      | Entered Level 5 of the Dungeon
  4271 | D:5      | Noticed Prince Ribbit
  4279 | D:5      | Killed Prince Ribbit
  4280 | D:5      | Reached skill level 5 in Dodging
  4280 | D:5      | Reached skill level 5 in Spellcasting
  4280 | D:5      | Reached XP level 7. HP: 24/45 MP: 0/0
  4280 | D:5      | Learned a level 3 spell: Teleport Other
  4458 | Temple   | Entered the Ecumenical Temple
  4662 | Temple   | Upgraded the game from 0.27-a0-1196-g3e9cee4cb2 to
                  | 0.27-a0-1200-g94dc6ad4cf
  4675 | Temple   | Became a worshipper of Makhleb the Destroyer
  4735 | D:5      | Reached skill level 1 in Invocations
  4790 | D:5      | Reached XP level 8. HP: 49/50 MP: 0/0
  4790 | D:5      | Found a runed translucent gate.
  4800 | D:5      | Found a sand-covered staircase.
  4808 | Ossuary  | Entered an ossuary
  5579 | Ossuary  | Reached * piety under Makhleb
  5791 | Ossuary  | Reached skill level 6 in Spellcasting
  6248 | D:5      | Found a runed translucent gate.
  6248 | D:5      | Found a runed translucent gate.
  6249 | D:5      | Noticed flotson's ghost (novice GnDe)
  6275 | D:5      | Found an ornate altar of the Wu Jian Council.
  6275 | D:5      | Found an iron altar of Okawaru.
  6340 | D:5      | Identified the +4 flail of Eternal Vigilance {protect, rC+
                  | Str+5 Int+2}
  6422 | D:5      | Found a basalt altar of Yredelemnul.
  6425 | D:5      | Found a shadowy altar of Dithmenos.
  6426 | D:5      | Found a shimmering altar of Xom.
  6427 | D:5      | Found a white marble altar of Elyvilon.
  6433 | D:5      | Found a glowing golden altar of the Shining One.
  6673 | D:5      | Reached skill level 1 in Fighting
  7398 | D:6      | Reached XP level 9. HP: 57/58 MP: 0/0
  7398 | D:6      | Learned a level 3 spell: Ozocubu's Armour
  8243 | D:6      | Noticed Blork the orc
  8267 | D:6      | Killed Blork the orc
  8550 | D:7      | Reached ** piety under Makhleb
  8633 | D:7      | Noticed Pikel
  8656 | D:7      | Killed Pikel
  8657 | D:7      | Reached skill level 7 in Spellcasting
  8869 | D:7      | Noticed a two-headed ogre
  8888 | D:7      | Killed a two-headed ogre
  8889 | D:7      | Reached skill level 5 in Invocations
  8889 | D:7      | Reached XP level 10. HP: 50/68 MP: 0/0
  9258 | D:7      | Reached skill level 8 in Spellcasting
  9639 | D:7      | Noticed Duvessa
  9643 | D:7      | Noticed Dowan
  9650 | D:7      | Killed Duvessa
  9653 | D:7      | Killed Dowan
 10783 | D:8      | Reached skill level 1 in Short Blades
 10944 | D:9      | Reached skill level 5 in Fighting
 11182 | D:8      | Upgraded the game from 0.27-a0-1200-g94dc6ad4cf to
                  | 0.27-a0-1202-ge72e49191c
 11255 | D:9      | Noticed a centaur warrior
 11416 | D:9      | Killed a centaur warrior
 12322 | D:9      | Found a staircase to the Lair.
 12334 | D:9      | HP: 1/70 [yak (8)]
 12335 | D:9      | Slain by a wyvern

Illustrated notes

Levels and vault maps discovered:
D:1:      dpeg_arrival_court, layout_basic, shapermc_ecumenical_altar_gd,
          minmay_split_cup_small
D:2:      layout_rooms, serial_shops, shop_fountains, shop, shop, uniq_jessica
D:3:      layout_loops_ring, ebering_ghost_sewer_f
D:4:      layout_gridville, minmay_temple_entry_from_below_a,
          ebering_dispersal_statue_hall
D:5:      layout_basic, minitemple, grunt_temple_overflow_open, enter_ossuary_4,
          ebering_ghost_rock_garden, serial_bayou, serial_bayou_pond_e,
          serial_bayou_pond_b, serial_bayou_shore_b, serial_bayou_pond_a,
          serial_bayou_lake_a, minmay_strange_pillars, grunt_decor_mini_mirrors,
          uniq_prince_ribbit1
D:6:      layout_basic, serial_co_window_serial, co_window_paths_a,
          co_window_paths_a, co_window_paths_a, co_window_paths_a,
          co_window_paths_a, co_window_paths_a, co_window_cross_1,
          co_window_of_opportunity_b, co_window_corner_b, co_window_paths_c,
          co_window_broadway_b, co_window_of_opportunity_b,
          co_window_broadway_a, co_window_paths_d, co_window_sun,
          glass_columns_b, glass_columns_b, glass_columns_a, glass_columns_c,
          glass_columns_b, uniq_blork_the_orc
D:7:      layout_gridville, uniq_pikel, uniq_duvessa
D:8:      layout_cave_pods
D:9:      layout_basic, minmay_lair_entry_grove, gammafunk_ghost_cemetery,
          wad_mini_maze
Temple:   regret_index_temple_generic_petals

Skill      XL: |  1  2  3  4  5  6  7  8  9 10 |
---------------+-------------------------------+-----
Spellcasting   | 3 4 5 6 7 8 |  8.9
Dodging        | 3 5 6 |  6.8
Invocations    | 1 3 5 6 |  6.5
Fighting       | 1 4 5 |  5.3
Short Blades   | 2 |  2.4
Stealth        | |  1.5

Action                   |  1- 3 |  4- 6 |  7- 9 | 10-12 || total
-------------------------+-------+-------+-------+-------++-------
Melee: Dagger            |    14 |    44 |    97 |       ||   155
       Flail             |       |       |    49 |    47 ||    96
 Cast: Foxfire           |    52 |   109 |   131 |    82 ||   374
       Summon Small Mamm |       |     4 |       |       ||     4
       Conjure Flame     |       |       |    13 |     2 ||    15
       Sticky Flame      |       |       |     2 |    10 ||    12
       Fireball          |       |       |       |     1 ||     1
  Use: Scroll            |       |     4 |     6 |       ||    10
 Stab: Sleeping          |     2 |       |     2 |       ||     4
Armor: Robe              |     6 |    10 |    43 |    28 ||    87
Dodge: Dodged            |    16 |    36 |   118 |    51 ||   221

Table legend: (Time is in decaauts)
 A = Elapsed time spent in this place.
 B = Non-inter-level travel time spent in this place.
 C = Inter-level travel time spent in this place.
 D = Time resting spent in this place.
 E = Time spent auto-exploring this place.
 F = Levels seen in this place.
 G = Mean time per level.
                   A        B        C        D        E       F      G
               +--------+--------+--------+--------+--------+-----+--------+
         Total |  12382 |  11946 |    436 |   3550 |   6375 |  11 | 1125.6 |
       Dungeon |  10735 |  10331 |    404 |   2691 |   5968 |   9 | 1192.8 |
        Temple |    236 |    204 |     32 |      0 |    193 |   1 |  236.0 |
       Ossuary |   1410 |   1410 |      0 |    859 |    214 |   1 | 1410.0 |
               +--------+--------+--------+--------+--------+-----+--------+

Top non-repeatable levels by time:
     D:8: 1865 daAuts
     D:7: 1495 daAuts
 Ossuary: 1410 daAuts
     D:3: 1326 daAuts
     D:5: 1287 daAuts
     D:6: 1182 daAuts
     D:1: 1153 daAuts
     D:2: 1057 daAuts
     D:4: 888 daAuts
     D:9: 478 daAuts
  Temple: 236 daAuts
